 Seeded DCSS version 0.28-a0-983-g1de4e0787c (webtiles) character file.

Game seed: 12130800008223909736 (custom seed)

667 croobank the Sneak (level 7, -1/48 HPs)
             Began as an Octopode Monk on Dec 2, 2021.
             Was a Believer of Qazlal.
             Slain by a sky beast (5 damage)
             ... on level 6 of the Dungeon.
             The game lasted 00:34:37 (3555 turns).

croobank the Sneak (Octopode Monk)                  Turns: 3555, Time: 00:34:46

Health: -1/48      AC:  1    Str: 18    XL:     7   Next: 57%
Magic:  7/7        EV: 14    Int: 12    God:    Qazlal [**....]
Gold:   316        SH:  2    Dex: 15    Spells: 6/6 levels left

rFire   . . .      SeeInvis .   a - +0 hand axe
rCold   . . .      Faith    .   (no shield)
rNeg    . . .      Spirit   .   (helmet restricted)
rPois   .          Reflect  .   c - amulet of regeneration
rElec   .          Harm     .   h - ring of fire
rCorr   .          Rampage  .   y - ring "Ibraum" {Ice Str+6}
Will    .....                   (no ring)
Stlth   ++++......              (no ring)
HPRegen 0.96/turn               (no ring)
MPRegen 0.10/turn               (no ring)
                                (no ring)
                                (no ring)

@: no status effects
A: almost no armour, amphibious, 8 rings, camouflage 1, gelatinous body 1,
(nimble swimmer 1), tentacles
a: Renounce Religion, Upheaval


You were on level 6 of the Dungeon.
You worshipped Qazlal.
Qazlal was pleased with you.
You visited 2 branches of the dungeon, and saw 7 of its levels.

You collected 316 gold pieces.

Inventory:

Hand Weapons
 a - a +0 hand axe (weapon)
 b - a +0 vorpal hunting sling
 d - a +1 scythe of protection
 i - a +0 long sword
 v - a +1 short sword of speed
Missiles
 g - 84 arrows
 j - 56 stones (quivered)
 m - 3 curare-tipped darts
 o - 9 poisoned darts
 q - 11 sling bullets
 w - a boomerang
 B - 16 bolts
Magical Staves
 x - a staff of conjuration
Jewellery
 c - an amulet of regeneration (around mantle)
 h - a ring of fire (left tentacle)
 y - the ring "Ibraum" (right tentacle) {Ice Str+6}
   (You acquired it on level 4 of the Dungeon)

   [ring of ice]

   It enhances your ice magic.
   Str:       It affects your strength (+6).
   rF:        It makes you vulnerable to fire.
   rC:        It protects you from cold.
Wands
 p - a wand of iceblast (7)
Scrolls
 e - 4 scrolls of identify {identify, unknown}
 k - 3 scrolls of acquirement {acquirement}
 l - 3 scrolls of enchant armour {enchant armor, unknown}
 n - a scroll of enchant weapon {enchant weapon, unknown}
 s - 2 scrolls of immolation {immolation, unknown}
 t - 2 scrolls of noise {noise, unknown}
 z - a scroll of teleportation {teleportation}
 A - 2 scrolls of fog {fog, unknown}
Potions
 f - a potion of flight {flight, unknown}
 r - a potion of degeneration {degeneration, unknown}
 u - a potion of attraction {attraction, unknown}


   Skills:
 + Level 4.0 Fighting
 + Level 5.3 Axes
 + Level 1.2(1.7) Slings
 + Level 1.7(2.0) Throwing
 + Level 4.0 Dodging
 + Level 7.2 Stealth
 + Level 0.2 Shields
 + Level 0.1 Invocations


You had 6 spell levels left.
You didn't know any spells.
Your spell library contained the following spells:

 Spells                   Type           Power      Damage    Failure   Level
 Animate Skeleton         Necr           0%         N/A       32%         1
 Apportation              Tloc           0%         N/A       32%         1
 Summon Small Mammal      Summ           0%         N/A       32%         1
 Alistair's Intoxication  Tmut/Pois      0%         N/A       100%        5


Dungeon Overview and Level Annotations

Branches:
Dungeon (6/15)             Temple (1/1) D:4

Altars:
Ashenzari
Cheibriados
Dithmenos
Elyvilon
Fedhas
Gozag
Hepliaklqana
Kikubaaqudgha
Makhleb
Nemelex Xobeh
Okawaru
Qazlal
Trog
Uskayaw
Vehumet
Wu Jian
Xom
Zin
The Shining One

Shops:
D:6 *

Annotations:
D:6 Eustachio


Innate Abilities, Weirdness & Mutations

You cannot wear most types of armour.
You are amphibious.
You can wear up to eight rings at the same time.
Your skin changes colour to match your surroundings (Stealth+).
Your rubbery body absorbs attacks. (AC +1, EV +1)
((You are camouflaged near water. (Stealth+)))
You have tentacles for arms and can constrict up to eight enemies at once.


Message History

The sky beast hits you. The sky beast shocks you.
You completely miss the sky beast.
The sky beast is severely wounded.
The sky beast barely misses you.
You hit the sky beast but do no damage.
You squeeze the sky beast, but do no damage.
The sky beast is severely wounded.
The sky beast closely misses you.
You barely miss the sky beast.
The sky beast is severely wounded.
The sky beast hits you. The sky beast shocks you.
You closely miss the sky beast. Your squeeze misses the sky beast.
The sky beast is severely wounded.
The sky beast flickers out of sight!
Deactivating autopickup; reactivate with Ctrl-A.
Something hits you. Something shocks you.
* * * LOW HITPOINT WARNING * * *
Okay, then.
As you read the scroll of teleportation {teleportation}, it crumbles to dust.
You feel strangely unstable.
A sky beast appears from thin air!
Reactivating autopickup.
The sky beast hits you.
* * * LOW HITPOINT WARNING * * *
The sky beast shocks you.
* * * LOW HITPOINT WARNING * * *
Your surroundings suddenly seem different.
There is a stone staircase leading down, spattered with blood here.
You climb downwards.
Level annotation: Eustachio The orc misses you.
The sky beast hits you.
* * * LOW HITPOINT WARNING * * *
The sky beast shocks you.
* * * LOW HITPOINT WARNING * * *
The bullfrog skeleton hits you.
* * * LOW HITPOINT WARNING * * *
The orc barely misses you.
The bullfrog skeleton is struck by lightning.
The bullfrog skeleton hits you but does no damage.
The sky beast hits you.
You die...

############ .
#..........# .
..#..........# .#
#..........∩.##.##
##...........#...#
..................
#....Y.......§..
#...)@o...o..:o.
#...Z.....<.....
..............o...
...#....######...#
.. ##...# ### .
#.#..# #...## #...
#...


You could see a sky beast, an orc wizard (wandering), 2 orcs and a bullfrog
skeleton.

Vanquished Creatures
  Sigmund (D:5)
  Pargi (D:3)
  A sky beast (D:5)
  A black bear (D:4)
  A gnoll shaman (D:5)
  Jessica (D:3)
  8 gnolls
  3 adders
  A shadow imp (D:5)
  An ufetubus (D:5)
  An adder zombie (D:5)
  2 worms
  4 dart slugs
  3 orcs
  2 ball pythons (D:2)
  3 endoplasms (D:1)
  2 giant cockroaches
  4 goblins
  5 hobgoblins
  4 kobolds
  3 quokkas
  3 bats
  2 frilled lizards
  2 rats
59 creatures vanquished.

Vanquished Creatures (others)
  13 plants (D:3)
13 creatures vanquished.

Grand Total: 72 creatures vanquished

Notes
Turn   | Place    | Note
-------+----------+-------------------------------------------
     0 | D:1      | croobank the Octopode Monk began the quest for the Orb.
     0 | D:1      | Reached XP level 1. HP: 16/16 MP: 1/1
   152 | D:1      | Reached XP level 2. HP: 21/21 MP: 2/2
   649 | D:1      | Reached skill level 3 in Stealth
   762 | D:2      | Reached XP level 3. HP: 26/26 MP: 3/3
  1402 | D:3      | Noticed Pargi
  1433 | D:3      | Killed Pargi
  1434 | D:3      | Reached skill level 5 in Stealth
  1434 | D:3      | Reached XP level 4. HP: 29/31 MP: 4/4
  1434 | D:3      | Reached XP level 5. HP: 34/36 MP: 5/5
  1725 | D:3      | Noticed Jessica
  1730 | D:3      | Killed Jessica
  2385 | D:4      | Identified 4 scrolls of acquirement {acquirement}
  2385 | D:4      | Acquired the ring "Ibraum" {Ice Str+6}
  2402 | D:4      | Found a white marble altar of Elyvilon.
  2833 | D:4      | Noticed a black bear
  2838 | D:4      | Killed a black bear
  2839 | D:4      | Reached skill level 6 in Stealth
  2839 | D:4      | Reached XP level 6. HP: 42/42 MP: 6/6
  2989 | D:4      | Found a staircase to the Ecumenical Temple.
  2995 | Temple   | Entered the Ecumenical Temple
  3066 | Temple   | Became a worshipper of Qazlal Stormbringer
  3066 | Temple   | Reached * piety under Qazlal
  3066 | Temple   | Reached ** piety under Qazlal
  3099 | D:5      | Entered Level 5 of the Dungeon
  3181 | D:5      | Reached skill level 1 in Slings
  3189 | D:6      | Noticed Eustachio
  3189 | D:6      | Noticed a sky beast
  3189 | D:6      | Found Wetiomp's General Store.
  3194 | D:6      | Noticed a sky beast
  3206 | D:5      | Reached skill level 7 in Stealth
  3336 | D:5      | Killed a sky beast
  3337 | D:5      | Reached skill level 1 in Throwing
  3337 | D:5      | Reached XP level 7. HP: 47/47 MP: 7/7
  3394 | D:5      | Noticed Sigmund
  3407 | D:5      | Killed Sigmund
  3408 | D:5      | Reached skill level 5 in Axes
  3555 | D:6      | Slain by a sky beast

Illustrated notes

Levels and vault maps discovered:
D:1:      minmay_arrival_checkered_box, layout_basic, minmay_pentomino_q2
D:2:      layout_loops_cross
D:3:      layout_loops_corners, serial_bayou, serial_bayou_pond_c,
          serial_bayou_lagoon_b, serial_bayou_pond_c, serial_bayou_pond_e,
          uniq_pargi, uniq_jessica
D:4:      layout_basic, marbit_many_paths, minmay_temple_entry_enclosed_plants,
          hex_intersection
D:5:      layout_rooms, uniq_sigmund
D:6:      layout_rooms, serial_shops, shop, nicolae_diamond_shop,
          nicolae_shop_advertising_works [nicolae_subvault_shop_adworks], shop,
          chequers_serial_rivers_micro_a, uniq_eustachio
Temple:   mainiacjoe_temple_coin_purse

Skill      XL: |  1  2  3  4  5  6  7 |
---------------+----------------------+-----
Stealth        | 3 5 6 7 |  7.2
Axes           | 4 5 |  5.3
Slings         | 1 |  1.2
Throwing       | 1 |  1.7
Fighting       | 4 |  4.0
Dodging        | 4 |  4.0
Shields        | |  0.2
Invocations    | |  0.1

Action                   |  1- 3 |  4- 6 |  7- 9 || total
-------------------------+-------+-------+-------++-------
Melee: Hand axe          |    58 |    54 |    21 ||   133
       Constrict         |    18 |    17 |     2 ||    37
       Tentacles         |    10 |    13 |     9 ||    32
 Fire: Hunting sling     |     4 |       |       ||     4
Throw: Dart              |     2 |    17 |     6 ||    25
Invok: Upheaval          |       |       |     1 ||     1
  Use: Scroll            |     1 |     3 |     1 ||     5
       Potion            |     1 |     1 |       ||     2
 Stab: Sleeping          |     8 |     2 |       ||    10
       Distracted        |       |     1 |       ||     1
       Invisible         |       |       |     2 ||     2
Armor: Skin              |     3 |     3 |     1 ||     7
Dodge: Dodged            |    35 |    35 |    11 ||    81
Block: Other             |       |     3 |     2 ||     5

Table legend: (Time is in decaauts)
 A = Elapsed time spent in this place.
 B = Non-inter-level travel time spent in this place.
 C = Inter-level travel time spent in this place.
 D = Time resting spent in this place.
 E = Time spent auto-exploring this place.
 F = Levels seen in this place.
 G = Mean time per level.
                   A        B        C        D        E       F      G
               +--------+--------+--------+--------+--------+-----+--------+
         Total |   3575 |   3472 |    103 |     82 |   2531 |   7 |  510.7 |
       Dungeon |   3486 |   3396 |     90 |     82 |   2475 |   6 |  581.0 |
        Temple |     88 |     75 |     13 |      0 |     56 |   1 |   88.0 |
               +--------+--------+--------+--------+--------+-----+--------+

Top non-repeatable levels by time:
     D:3: 897 daAuts
     D:1: 756 daAuts
     D:4: 722 daAuts
     D:2: 650 daAuts
     D:5: 442 daAuts
  Temple: 88 daAuts
     D:6: 16 daAuts
